 Dungeon Crawl Stone Soup version 0.19-a0-811-gf4045fb (webtiles) character file.

2930 tyrsky the Fighter (level 9, -3/130 HPs)
             Began as a Minotaur Gladiator on June 28, 2016.
             Was a Believer of Okawaru.
             Slain by a troll (6 damage)
             ... on level 9 of the Dungeon.
             The game lasted 00:19:41 (4602 turns).

tyrsky the Fighter (Minotaur Gladiator)             Turns: 4602, Time: 00:19:42

Health: -3/130     AC: 15    Str: 24 (25) XL:     9   Next: 50%
Magic:  10/10      EV: 11    Int:  5 (8)  God:    Okawaru [**....]
Gold:   352        SH:  0    Dex:  9 (13) Spells: 0 memorised, 8 levels left

rFire  + . .     SeeInvis .     p - +7 hand axe "Xosmes" {flame, Fragile +Fly rPois rF+}
rCold  . . .     Gourm    .     d - +0 scale mail
rNeg   . . .     Faith    .     (no shield)
rPois  +         Spirit   .     c - +1 hat
rElec  .         Dismiss  .     h - +1 cloak
rCorr  .         Reflect  .     k - +0 pair of gloves
SustAt .         Harm     .     D - +0 pair of boots
MR     .....                    (no amulet)
Stlth  ..........               (no ring)
                                (no ring)

@: berserking, very quick, not resistant to hostile enchantments, extremely
unstealthy
A: retaliatory headbutt, claws 1, horns 2, rugged brown scales 1, agile 1,
blurry vision 1, MP-powered wands
a: Heroism, Renounce Religion, Evoke Flight


You were on level 9 of the Dungeon.
You worshipped Okawaru.
Okawaru was pleased with you.
You were not hungry.

You visited 2 branches of the dungeon, and saw 10 of its levels.
You also visited: Sewer.

You collected 352 gold pieces.

Inventory:

Hand Weapons
 a - a +0 war axe
 m - a +2 dagger of speed
 p - the +7 hand axe "Xosmes" (weapon) {flame, Fragile +Fly rPois rF+}
   (You found it on level 7 of the Dungeon)

   It has been specially enchanted to burn those struck by it, causing extra
   injury to most foes and up to half again as much damage against particularly
   susceptible opponents.
   Big, fiery blades are also staple armaments of hydra-hunters.
   It protects you from fire.
   It protects you from poison.
   It lets you fly.
   It will be destroyed if unequipped.
Armour
 b - a +0 leather armour
 c - a +1 hat (worn)
 d - a +0 scale mail (worn)
 h - a +1 cloak (worn)
 k - a +0 pair of gloves (worn)
 D - a +0 pair of boots (worn)
Wands
 x - a wand of flame (1/48)
 y - a wand of acid (9/15)
 E - a wand of digging (10/24)
 F - a wand of disintegration (10/24)
Scrolls
 s - 4 scrolls of teleportation
 v - a scroll of enchant armour
 w - a scroll of identify {@*1}
 C - a scroll of fog
 H - a scroll of recharging
Potions
 e - a potion of mutation
 g - 2 potions of resistance
 i - 3 potions of flight
 l - 2 potions of magic
 o - a potion of heal wounds {unknown}
 u - a potion of ambrosia {unknown}
 z - a potion of degeneration
 B - a potion of cure mutation {unknown}
 G - a potion of might
Comestibles
 f - 6 bread rations
 r - 2 slices of pizza
 A - a beef jerky


   Skills:
 - Level 10.2 Fighting
 * Level 8.0 Axes
 - Level 2.0 Throwing
 + Level 7.7 Armour
 - Level 3.2 Dodging
 + Level 2.9 Invocations
 + Level 3.4 Evocations


You had 8 spell levels left.
You didn't know any spells.

Dungeon Overview and Level Annotations

Branches:
Dungeon (9/15)             Temple (1/1) D:5
   Lair: D:8-11         Orc: D:9-12

Altars:
Ashenzari
Cheibriados
Gozag
Hepliaklqana
Makhleb
Okawaru
Qazlal
Ru
Trog
Uskayaw
Vehumet
Yredelemnul

Annotations:
D:2 Robin
D:4 Eustachio


Innate Abilities, Weirdness & Mutations

You reflexively headbutt those who attack you in melee.
You have a pair of horns on your head.
You have sharp fingernails.
You are partially covered in rugged brown scales. (AC +1, +3% HP)
You are agile. (Dex +2)
Scrolls take you a little longer to read.
You expend magic power (3 MP) to strengthen your wands.


Message History

Okay, then.
It was a potion of mutation.
You feel extremely strange.
Your body's shape seems more normal.
It was a potion of degeneration.
There was something very wrong with that liquid.
You feel weakened.
You feel dopey.
You feel clumsy. The troll barely misses you. You furiously retaliate!
You headbutt the troll!
The troll claws you but does no damage. x2
It was a potion of berserk rage.
A red film seems to cover your vision as you go berserk!
You feel yourself moving faster!
You feel mighty! The troll misses you. You furiously retaliate!
You headbutt the troll! The troll claws you.
* * * LOW HITPOINT WARNING * * *
The troll claws you but does no damage.
You are too berserk!
You closely miss the troll.
The troll is severely wounded.
The troll bites you but does no damage. The troll claws you but does no damage.
The troll claws you.
You die...

#.........#.............#... #
#.........#.))†.........#... #
#.........#....KK.K.....#..#####
#.........#....K........#..#....
##+###....#............ +..#....
#....#........>.. #..#....
##...(########K######..#....
#...........TKK(...c(..+....
#####......>...H#########(.#....
#...............#.......#(.#....
#...............#.......#(.#....
#.......##+###..#.......#..#....
#.......#....#..#.......#..#....
#.......#....#..#.......#..#....
#.......#.....P.#.......#..###..
#.......#.....8.#.......#....#..
#.......#.......#..##'###....#..


You could see a troll, a big kobold and 2 kobolds.

Vanquished Creatures
  The ghost of Xiguana the Ruffian, a novice VSMo (D:6)
  Edmund (D:4)
  An ice beast (D:9)
  2 orc warriors
  5 sky beasts
  A necrophage (D:9)
  An ogre (D:5)
  2 giant frogs
  A wyvern zombie (D:9)
  3 scorpions
  A wight (D:9)
  A giant frog zombie (D:9)
  2 jellies
  2 howler monkeys
  2 crimson imps (D:5)
  A quasit (D:9)
  5 hounds
  7 orc priests
  An iguana (D:5)
  Terence (D:2)
  2 orc wizards (D:4)
  6 worker ants
  2 hound skeletons
  2 mummies (D:9)
  A worker ant zombie (D:9)
  11 adders
  A shadow imp (D:5)
  An ooze (D:2)
  A worm (D:3)
  13 giant geckos
  26 orcs
  11 bats
  6 giant cockroaches
  10 goblins
  13 hobgoblins
  9 jackals
  10 kobolds
  2 quokkas
  3 ball pythons
  2 giant gecko skeletons
  9 giant newts
  9 rats
191 creatures vanquished.

Vanquished Creatures (others)
  A plant (Sewer)
  A withered plant (D:9)
2 creatures vanquished.

Grand Total: 193 creatures vanquished

Notes
Turn   | Place    | Note
--------------------------------------------------------------
     0 | D:1      | tyrsky the Minotaur Gladiator began the quest for the Orb.
     0 | D:1      | Reached XP level 1. HP: 18/18 MP: 0/0
    28 | D:1      | Reached skill level 3 in Fighting
    44 | D:1      | Reached XP level 2. HP: 25/26 MP: 1/1
   221 | D:1      | Reached skill level 4 in Fighting
   262 | D:2      | Reached XP level 3. HP: 32/34 MP: 2/2
   331 | D:2      | Noticed Robin
   480 | D:2      | Reached skill level 5 in Fighting
   529 | D:3      | Found a shattered altar of Ashenzari.
   592 | D:3      | Reached XP level 4. HP: 31/42 MP: 3/3
   647 | D:3      | Reached skill level 1 in Armour
   755 | D:3      | Found a glowing drain.
   777 | Sewer    | Entered a sewer
  1053 | D:3      | Reached skill level 6 in Fighting
  1105 | D:3      | Reached XP level 5. HP: 50/50 MP: 4/4
  1346 | D:2      | Noticed Terence
  1362 | D:2      | Killed Terence
  1436 | D:4      | Noticed Edmund
  1688 | D:4      | Reached XP level 6. HP: 57/58 MP: 5/5
  1697 | D:4      | Reached skill level 7 in Fighting
  2067 | D:4      | Reached skill level 8 in Fighting
  2096 | D:4      | Noticed Eustachio
  2149 | D:4      | Killed Edmund
  2149 | D:4      | Reached XP level 7. HP: 65/69 MP: 6/6
  2209 | D:5      | Entered Level 5 of the Dungeon
  2235 | D:5      | Reached skill level 9 in Fighting
  2328 | D:6      | Noticed a two-headed ogre
  2501 | D:5      | Reached skill level 5 in Armour
  2682 | D:5      | Found a burning altar of Makhleb.
  2683 | D:5      | Found a radiant altar of Vehumet.
  3115 | D:5      | Found a staircase to the Ecumenical Temple.
  3119 | Temple   | Entered the Ecumenical Temple
  3132 | Temple   | Became a worshipper of Warmaster Okawaru
  3244 | D:6      | Reached XP level 8. HP: 79/79 MP: 7/7
  3418 | D:7      | Reached skill level 10 in Fighting
  3429 | D:7      | Gained mutation: You are partially covered in rugged brown scales. (AC +1, +3% HP) [mutagenic meat]
  3432 | D:7      | Gained mutation: You have sharp fingernails. [mutagenic meat]
  3435 | D:7      | Gained mutation: You are frail. (-10% HP) [mutagenic meat]
  3450 | D:7      | Got an ichor-stained hand axe
  3451 | D:7      | Identified the +7 hand axe "Xosmes" {flame, Fragile +Fly rPois rF+} (You found it on level 7 of the Dungeon)
  3457 | D:7      | Found a bloodstained altar of Trog.
  3592 | D:6      | Noticed Xiguana's ghost (novice VSMo)
  3602 | D:6      | Killed Xiguana's ghost
  3602 | D:6      | Reached * piety under Okawaru
  3602 | D:6      | Reached skill level 5 in Axes
  3602 | D:6      | Reached skill level 1 in Evocations
  4067 | D:8      | Reached skill level 1 in Invocations
  4118 | D:8      | Gained mutation: Armour fits poorly on your strangely shaped body. [mutagenic meat]
  4121 | D:8      | Gained mutation: You expend magic power (3 MP) to strengthen your wands. [mutagenic meat]
  4124 | D:8      | Gained mutation: Scrolls take you a little longer to read. [mutagenic meat]
  4132 | D:8      | Reached ** piety under Okawaru
  4132 | D:8      | Reached XP level 9. HP: 45/79 MP: 9/9
  4287 | D:9      | Lost mutation: You are frail. (-10% HP) [mutagenic meat]
  4290 | D:9      | Gained mutation: You are agile. (Dex +2) [mutagenic meat]
  4329 | D:9      | Noticed a manticore
  4529 | D:9      | Noticed a troll
  4596 | D:9      | HP: 1/87 [troll (9)]
  4599 | D:9      | Lost mutation: Armour fits poorly on your strangely shaped body. [potion of mutation]
  4601 | D:9      | HP: 3/130 [troll (3)]
  4602 | D:9      | Slain by a troll

Vault maps used:
D:1:      dpeg_arrival_tiny_a, minmay_misc_feat_square, hex_medium
D:2:      minmay_tromino_v2, uniq_terence, uniq_robin
D:3:      gup_sewer_entry_pipe, grunt_ministairs_7, nicolae_ashenzari_panopticon
D:4:      kennysheep_generic_room_12, uniq_edmund, uniq_eustachio
D:5:      grunt_temple_overflow_lords_of_destruction, first_bread
D:6:      nicolae_dithmenos_the_darkroom, corexii_leaking_fountain,
          uniq_crazy_yiuf_cottage
D:7:      overflow_temple_1_default, grunt_livestock
D:8:      elyvilon_altar_3, xom_shifter_show
D:9:      minitemple, serial_undead, serial_undead_e, serial_undead_e,
          serial_undead_f, serial_undead_e
Temple:   zaba_magenta_temple
Sewer:    sewer_co_scattered_pipes

Skill      XL: |  1  2  3  4  5  6  7  8  9 |
---------------+----------------------------+-----
Fighting       | 3 4 5 6 8 9 10 | 10.2
Armour         | 1 2 4 5 7 |  7.7
Axes           | 6 8 |  8.0
Evocations     | 2 3 |  3.4
Invocations    | 1 2 |  2.9
Throwing       | |  2.0
Dodging        | |  3.2

Action                   |  1- 3 |  4- 6 |  7- 9 || total
-------------------------+-------+-------+-------++-------
Melee: War axe           |    29 |       |       ||    29
       Headbutt          |    12 |    41 |    59 ||   112
       Dagger            |    75 |   298 |   164 ||   537
       Hand axe          |       |       |   159 ||   159
Throw: Throwing net      |     6 |       |       ||     6
  Use: Scroll            |     4 |     4 |     6 ||    14
       Potion            |       |       |     5 ||     5
  Eat: Chunk             |       |     4 |    13 ||    17
       Meat ration       |       |       |     1 ||     1
       Royal jelly       |       |       |     1 ||     1
       Beef jerky        |       |       |     1 ||     1
Armor: Leather armour    |    25 |       |       ||    25
       Scale mail        |     6 |    83 |   132 ||   221
Dodge: Dodged            |    50 |   121 |   122 ||   293
